 Dungeon Crawl Stone Soup version 0.31-a0-174-g85c54bcb58 (webtiles) character file.

Game seed: 17252580861097937791

81 qw the Shooter (level 4, -8/27 HPs)
             Began as a Gargoyle Hunter on June 15, 2023.
             Mangled by Terence
             ... wielding a +5 flail of protection
              (13 damage)
             ... on level 2 of the Dungeon.
             The game lasted 00:00:32 (1141 turns).

qw the Shooter (Gargoyle Hunter)                    Turns: 1141, Time: 00:00:33

Health: -8/27      AC: 10    Str: 15    XL:     4   Next: 40%
Magic:  4/4        EV: 11    Int:  9    God:
Gold:   102        SH:  0    Dex: 15    Spells: 3/3 levels left

rFire   . . .        Y - +0 shortbow
rCold   . . .        (shield currently unavailable)
rNeg    + . .        j - +0 ring mail
rPois   inf          (no helmet)
rElec   +            g - +0 cloak
rCorr   .            (no gloves)
SInv    .            (no boots)
Will    .....        (no amulet)
Stlth   +            (no ring)
HPRegen 0.24/turn    (no ring)
MPRegen 0.09/turn

%: no passive effects
@: no status effects
A: sickness immunity, AC +3, negative energy resistance 1, electricity
resistance, torment resistance 1, petrification resistance
a: no special abilities


You were on level 2 of the Dungeon.
You visited 1 branch of the dungeon, and saw 2 of its levels.

You collected 102 gold pieces.


Innate Abilities, Weirdness & Mutations

You are immune to sickness and miasma.
Your stone body is resilient. (AC +3)
You are immune to poison.
You resist negative energy. (rN+)
You are resistant to electric shocks. (rElec)
You are resistant to unholy torment.
You are immune to petrification.


   Skills:
 + Level 2.6 Fighting
 - Level 5.0 Ranged Weapons
 - Level 2.1 Armour
 - Level 1.5 Dodging
 - Level 1.1 Stealth


You had 3 spell levels left.
You didn't know any spells.
Your spell library was empty.

Inventory:

Hand Weapons
 Y - a +0 shortbow (weapon)
Armour
 g - a +0 cloak (worn)
 j - a +0 ring mail (worn)
Scrolls
 f - a scroll of fear {unknown}
Potions
 a - 2 potions of enlightenment {unknown}
 b - a potion of heal wounds {unknown}
 c - a potion of invisibility {unknown}
 d - a potion of magic {unknown}
 e - a potion of lignification {unknown}
 i - 2 potions of curing {unknown}

Dungeon Overview and Level Annotations

Branches:
Dungeon (2/15)

Altars:

Shops:
D:1 ?

Annotations:
D:2 Terence


Message History

Terence shouts!
Enter note:
Enter note:
Enter note:
Enter note:
Enter note:
Enter note:
Enter note:
Enter note:
Enter note: You shoot an arrow.
The arrow closely misses Terence.
Terence says, "Don't bother to defend, it's senseless."
You shoot an arrow. The arrow closely misses Terence.
You shoot an arrow. The arrow closely misses Terence.
You shoot an arrow.
The arrow hits Terence but does no damage.
Terence hits you with a +5 flail of protection.
You shoot an arrow.
The arrow hits Terence but does no damage.
Terence hits you but does no damage.
You shoot an arrow. The arrow hits Terence!
Terence is moderately wounded.
Terence closely misses you.
You shoot an arrow. The arrow hits Terence.
Terence is moderately wounded.
Terence hits you with a +5 flail of protection. x2
You shoot an arrow. The arrow closely misses Terence.
Terence hits you but does no damage.
You shoot an arrow.
The arrow hits Terence but does no damage.
Terence is moderately wounded.
Terence hits you with a +5 flail of protection.
You shoot an arrow. The arrow completely misses Terence.
Terence hits you with a +5 flail of protection.
You shoot an arrow. The arrow barely misses Terence.
Terence barely misses you. Terence hits you but does no damage.
You shoot an arrow. The arrow hits Terence.
Terence is heavily wounded.
Terence hits you with a +5 flail of protection!
You die...

#...............# #...#
#####...............# #...#
....................# #...#
....##.............# #...#
....###.....#.....# #...#
.....#..........# #...#
................## #..##
.................##### #..#
..)........###..@@...# #..#
.....##....# ##.####...##..#
.....##.%..# #.# ##..#
.........)%# #.### ##..#
...........####...## #...#
..............###..### #...#
......#....##..###...###..##
......#......#.#####.#....#
......#%...........)......#


You could see Terence.

Vanquished Creatures
  Jessica (D:2)
  A gnoll (D:1)
  4 endoplasms
  3 giant cockroaches
  2 goblins
  4 hobgoblins
  6 jackals (D:2)
  3 quokkas
  A ball python (D:1)
  5 bats (D:1)
  3 frilled lizards
  4 kobolds
  7 rats
44 creatures vanquished.

Notes
Turn   | Place    | Note
-------+----------+-------------------------------------------
     0 | D:1      | qw the Gargoyle Hunter began the quest for the Orb.
     0 | D:1      | Reached XP level 1. HP: 12/12 MP: 1/1
     0 | D:1      | 0 ||| qw: Version: 0.2-a-29-g511e9b1
     0 | D:1      | 0 ||| qw: Game counter: 5445
     0 | D:1      | 0 ||| qw: Always use a shield: true
     0 | D:1      | 0 ||| qw: God list: Okawaru
     0 | D:1      | 0 ||| qw: Allow faded altars: false
     0 | D:1      | 0 ||| qw: Do Orc after D:15 true
     0 | D:1      | 0 ||| qw: Do second Lair branch before Depths: true
     0 | D:1      | 0 ||| qw: Lair rune preference: random
     0 | D:1      | 0 ||| qw: Plans: Normal, Zot:1-4, Slime:5, God:TSO, Crypt,
                  | Tomb, Abyss, Pan, Hells, Win
     0 | D:1      | 0 ||| PLANNING D:1-11
    70 | D:1      | Found Noiw's Magic Scroll Emporium.
    78 | D:1      | 78 ||| SHOPLISTING scroll of enchant armour (82 gold, have
                  | 14).
    78 | D:1      | 78 ||| SHOPLISTING scroll of identify (22 gold, have 14).
    78 | D:1      | 78 ||| SHOPLISTING scroll of teleportation (33 gold, have
                  | 14).
   125 | D:1      | Reached XP level 2. HP: 13/17 MP: 2/2
   493 | D:1      | Reached skill level 5 in Ranged Weapons
   493 | D:1      | Reached XP level 3. HP: 9/21 MP: 3/3
   735 | D:1      | 735 ||| UPGRADING to +0 cloak.
   740 | D:1      | 740 ||| UPGRADING to +0 ring mail.
   750 | D:1      | 750 ||| DROPPING +0 leather armour.
   751 | D:1      | 751 ||| READING scroll labelled PIPLIULAPS.
   752 | D:1      | 752 ||| READING 3 scrolls labelled JUIVATA QANK.
   753 | D:1      | 753 ||| READING scroll labelled XUOGOKHL VEBIWN.
   754 | D:1      | 754 ||| DROPPING scroll of butterflies.
   755 | D:1      | 755 ||| DROPPING 2 scrolls of blinking.
   820 | D:2      | Noticed Jessica
   827 | D:2      | Killed Jessica
   828 | D:2      | Reached XP level 4. HP: 25/26 MP: 4/4
  1129 | D:2      | Noticed Terence
  1139 | D:2      | HP: 4/27 [Terence/+5 flail of protection (6)]
  1141 | D:2      | Mangled by Terence

Levels and vault maps discovered:
D:1:      ebering_hopf_link, layout_basic, serial_shops, shop
D:2:      layout_rooms, uniq_jessica, uniq_terence

Skill      XL: |  1  2  3 |
---------------+----------+-----
Ranged Weapons | 5 |  5.0
Armour         | 2 |  2.1
Fighting       | |  2.6
Dodging        | |  1.5
Stealth        | |  1.1

Action                     |  1- 3 |  4- 6 || total
---------------------------+-------+-------++-------
   Fire: Shortbow          |    88 |    43 ||   131
    Use: Scroll            |     3 |       ||     3
 Armour: Leather armour    |     6 |       ||     6
         Ring mail         |    11 |    17 ||    28
  Dodge: Dodged            |    23 |    12 ||    35

Table legend:
 A = Non-vault XP
 B = Vault XP
 C = Vault XP percentage of total XP
 D = Non-vault monster count
 E = Vault monster count
 F = Vault count percentage of total count
                 A         B        C        D         E       F
            +---------+---------+-------+---------+---------+-------
      Total |      79 |      37 |  31.9 |      43 |       1 |   2.3
            +---------+---------+-------+---------+---------+-------
        D:1 |      51 |       0 |   0.0 |      27 |       0 |   0.0
        D:2 |      28 |      37 |  56.9 |      16 |       1 |   5.9
            +---------+---------+-------+---------+---------+-------
